 Dungeon Crawl Stone Soup version 0.28.0-53-g5a82cb258f (webtiles) character file.

Game seed: 4113050860108586577

2624 PeMo the Thaumaturge (level 9, -4/67 HPs)
             Began as a Djinni Fire Elementalist on June 24, 2022.
             Was a Follower of Makhleb.
             Slain by an orc knight
             ... wielding a +0 halberd
              (39 damage)
             ... in a bailey.
             The game lasted 00:23:37 (8184 turns).

PeMo the Thaumaturge (Djinni Fire Elementalist)     Turns: 8184, Time: 00:23:38

Health: -4/67      AC:  3    Str:  7    XL:     9   Next: 91%
Gold:   279        EV: 12    Int: 22    God:    Makhleb [*.....] SH:  0 Dex: 13

rFire   + . .      SeeInvis +   z - +1 whip (freeze)
rCold   . . .      Faith    +   (no shield)
rNeg    . . .      Spirit   .   y - +0 leather armour
rPois   ∞          Reflect  .   (no helmet)
rElec   .          Harm     .   (no cloak)
rCorr   .          Rampage  .   (no gloves)
Will    .....                   (boots unavailable)
Stlth   ++........              h - amulet of faith
HPRegen 0.21/turn               g - ring of see invisible
MPRegen 0.00/turn               n - ring of ice

@: flying
A: sickness immunity, fire resistance 2, cold vulnerability 1, float, innate
caster, HP casting, extra vitality 1
a: Renounce Religion


You were in a bailey.
You worshipped Makhleb.
Makhleb was aware of your devotion.
You visited 2 branches of the dungeon, and saw 8 of its levels.
You also visited: Sewer and Bailey.

You collected 460 gold pieces.
You spent 181 gold pieces at shops.

Inventory:

Hand Weapons
 c - a +0 dagger
 z - a +1 whip of freezing (weapon)
 G - a +1 halberd of venom
Missiles
 E - 5 javelins
Armour
 a - a +0 robe
 y - a +0 leather armour (worn)
Jewellery
 g - a ring of see invisible (left hand)
 h - an amulet of faith (around neck)
 n - a ring of ice (right hand)
 v - a ring of fire
 F - an amulet of the acrobat
Wands
 u - a wand of flame (16)
Scrolls
 d - a scroll of enchant armour {unknown}
 e - 3 scrolls of amnesia
 f - 2 scrolls of enchant weapon {unknown}
 j - 5 scrolls of teleportation
 k - 5 scrolls of noise
 m - 4 scrolls of vulnerability
 p - a scroll of magic mapping
Potions
 b - a potion of ambrosia
 i - a potion of curing
 l - a potion of lignification
 o - a potion of degeneration
 q - 2 potions of attraction
 s - 6 potions of cancellation {unknown}
 t - 2 potions of might {unknown}
 w - a potion of heal wounds {unknown}
 x - 2 potions of magic {unknown}
 A - a potion of berserk rage


   Skills:
 + Level 6.6 Fighting
 - Level 3.0 Armour
 - Level 3.0 Dodging
 - Level 1.6 Stealth
 + Level 8.2 Spellcasting


You had 2 spell levels left.
You knew the following spells:

 Your Spells              Type           Power      Damage    Failure   Level
a - Foxfire               Conj/Fire      100%       2x1d9     1%          1
b - Scorch                Fire           90%        2d9       1%          2
c - Conjure Flame         Conj/Fire      45%        6-21      1%          3
d - Inner Flame           Hex/Fire       45%        N/A       1%          3
e - Flame Wave            Conj/Fire      45%        2d10      3%          4
f - Summon Small Mammal   Summ           100%       N/A       1%          1
g - Static Discharge      Conj/Air       45%        N/A       1%          2
h - Mephitic Cloud        Conj/Pois/Air  45%        N/A       1%          3
i - Lesser Beckoning      Tloc           45%        N/A       1%          3
Your spell library was empty.

Dungeon Overview and Level Annotations

Branches:
Dungeon (7/15)             Temple (1/1) D:7           Sewer (visited)
 Bailey (1/1)

Altars:
Ashenzari
Cheibriados
Dithmenos
Kikubaaqudgha
Makhleb
Vehumet
Yredelemnul
Zin

Shops:
D:3 *   D:5 ==*

Annotations:
D:4 3 runed translucent doors, Eustachio; PrinceOfCinders's ghost, amateur TrHu; diceflayer's ghost, amateur NaFi; kalagan's ghost, amateur DECj; shugdite's ghost, amateur MiFi


Innate Abilities, Weirdness & Mutations

You are immune to sickness and miasma.
You are immune to poison.
Your flesh is very heat resistant. (rF++)
You are vulnerable to cold. (rC-)
You float through the air rather than walking.
You learn spells naturally, not from books.
Your magical power is your life essence.
You have superior vitality. (+4 MHP)


Message History

The orc warrior is engulfed in noxious fumes.
The orc warrior appears confused.
You continue putting on your amulet of faith.
The orc knight seems less confused.
You continue putting on your amulet of faith.
The orc knight no longer looks unusually strong.
The orc knight hits you from afar with a +0 glaive!
You finish putting on your amulet of faith.
You feel a surge of divine interest.
h - an amulet of faith (around neck)
Casting: Mephitic Cloud (safe; 1% risk of failure)
Confirm with . or Enter, or press ? or * to list all spells.
The orc knight closely misses you.
The orc knight chortles and stares into space.
The orc knight hits the orc warrior with a +0 trident!
The orc warrior misses the orc knight.
Something hits the orc warrior!!
The orc warrior is killed!
Makhleb accepts your kill.
You can now gain health from killing.
Casting: Summon Small Mammal (safe; 1% risk of failure)
Confirm with . or Enter, or press ? or * to list all spells.
Aiming: Mephitic Cloud (safe; 1% risk of failure)
Press: ? - help, Shift-Dir - straight line The ball explodes into a vile cloud!
The stinking cloud engulfs the orc knight but does no damage. x2
The stinking cloud engulfs you but does no damage.
The stinking cloud engulfs the orc but does no damage.
You hear a shout!
The orc knight no longer looks unusually strong.
The orc knight hits the orc warrior with a +0 trident!!
The orc warrior is killed!
Makhleb accepts your kill.
The orc knight hits itself with a +0 trident!
The orc knight barely misses you. The orc hits you with a +0 hand axe.
The orc hits your bat with a +0 hand axe.
Your bat dies!
Your bat's corpse disappears in a puff of smoke!
The orc knight is engulfed in noxious fumes.
The orc knight hits you from afar with a +0 halberd!!!
Ouch! That really hurt!
You die...

###### ####### #
#.....#########.....## ##
.......#.o...#....)..######.
....#..'.§☼☼.'...##..#.)..#.
..o...))oo§@§'....8).'))..'.
..).#..'.o☼o.'...##.)#....#.
....)..#.....#..)).).######.
#.....#########.....## ##
###### ####### #


You could see 3 orc knights, an orc warrior (strong) and an orc (strong).

Vanquished Creatures
  Pikel (D:6)
  Prince Ribbit (D:6)
  Menkaure (D:4)
  7 orc warriors (Bailey)
  A necrophage (D:3)
  A sky beast (D:6)
  A black bear (D:5)
  A lemure (D:6)
  A phantom (D:5)
  A scorpion (D:7)
  A gnoll sergeant (D:7)
  A water moccasin zombie (D:5)
  3 howler monkeys (D:7)
  A hound (D:4)
  A jelly (D:5)
  An orc priest (D:7)
  2 orc wizards (D:7)
  2 iguanas (D:5)
  A howler monkey zombie (D:7)
  8 gnolls (D:7)
  8 adders
  2 river rats (Sewer)
  4 white imps
  A dart slug (D:4)
  5 worms
  31 orcs
  8 bats
  4 endoplasms
  4 giant cockroaches
  5 goblins
  9 hobgoblins
  2 jackals (Sewer)
  4 kobolds
  6 quokkas
  8 ball pythons
  2 frilled lizards
  2 rats
142 creatures vanquished.

Vanquished Creatures (collateral kills)
  An orc warrior (Bailey)
  A frilled lizard (D:2)
2 creatures vanquished.

Vanquished Creatures (others)
  122 foxfires
  A plant (D:1)
123 creatures vanquished.

Grand Total: 267 creatures vanquished

Notes
Turn   | Place    | Note
-------+----------+-------------------------------------------
     0 | D:1      | PeMo the Djinni Fire Elementalist began the quest for the
                  | Orb.
     0 | D:1      | Reached XP level 1. HP: 15/15 MP: 0/0
   393 | D:1      | Reached XP level 2. HP: 19/22 MP: 0/0
   551 | D:1      | Reached skill level 1 in Fighting
   597 | D:1      | Found a faded altar of an unknown god.
  1659 | D:2      | Reached XP level 3. HP: 25/27 MP: 0/0
  1659 | D:2      | Learned a level 1 spell: Summon Small Mammal
  1849 | D:3      | Noticed a necrophage
  1855 | D:3      | Killed a necrophage
  1856 | D:3      | Reached skill level 3 in Spellcasting
  1856 | D:3      | Reached XP level 4. HP: 17/34 MP: 0/0
  1856 | D:3      | Reached XP level 5. HP: 20/40 MP: 0/0
  1856 | D:3      | Learned a level 2 spell: Static Discharge
  2359 | D:3      | Found Giur's General Store.
  2376 | D:3      | Bought a scroll of identify for 26 gold pieces
  2528 | D:4      | Noticed Eustachio
  2530 | D:4      | Found a broken altar of Ashenzari.
  2714 | D:4      | Found a glowing silver altar of Zin.
  2760 | D:4      | Noticed Menkaure
  2765 | D:4      | Killed Menkaure
  2766 | D:4      | Reached skill level 4 in Spellcasting
  2766 | D:4      | Reached XP level 6. HP: 20/47 MP: 0/0
  2802 | D:4      | Found a glowing drain.
  3073 | Sewer    | Entered a sewer
  3682 | Sewer    | Reached XP level 7. HP: 51/53 MP: 0/0
  3682 | Sewer    | Learned a level 3 spell: Mephitic Cloud
  4187 | D:4      | Found a runed translucent gate.
  4189 | D:4      | Found a runed translucent gate.
  4190 | D:4      | Found a runed translucent gate.
  4191 | D:4      | Noticed diceflayer's ghost (amateur NaFi)
  4191 | D:4      | Noticed shugdite's ghost (amateur MiFi)
  4191 | D:4      | Noticed PrinceOfCinders's ghost (amateur TrHu)
  4191 | D:4      | Noticed kalagan's ghost (amateur DECj)
  4522 | D:4      | You are sucked into a shaft and drop 1 floor!
  4522 | D:5      | Entered Level 5 of the Dungeon
  4766 | D:5      | Reached skill level 5 in Fighting
  5050 | D:5      | Found Suevefuc's Jewellery Boutique.
  5051 | D:5      | Found Evo Viamm's Jewellery Emporium.
  5052 | D:5      | Found Xyoz's Assorted Antiques.
  5070 | D:5      | Bought a silver wand for 124 gold pieces
  5070 | D:5      | Bought a scroll labelled DOENAO FOTREUR for 31 gold pieces
  5245 | D:5      | Reached skill level 5 in Spellcasting
  5436 | D:5      | Reached XP level 8. HP: 41/60 MP: 0/0
  5984 | D:6      | Noticed Pikel
  6010 | D:6      | Killed Pikel
  6011 | D:6      | Reached skill level 6 in Spellcasting
  6011 | D:6      | Reached skill level 1 in Armour
  6347 | D:6      | Noticed Prince Ribbit
  6352 | D:6      | Killed Prince Ribbit
  6353 | D:6      | Reached XP level 9. HP: 57/66 MP: 0/0
  6353 | D:6      | Learned a level 3 spell: Lesser Beckoning
  7112 | D:7      | Reached skill level 7 in Spellcasting
  7258 | D:7      | Found a staircase to the Ecumenical Temple.
  7269 | Temple   | Entered the Ecumenical Temple
  7275 | Temple   | Became a worshipper of Makhleb the Destroyer
  7318 | D:7      | Found a flagged portal.
  7420 | Bailey   | Entered a bailey
  7894 | Bailey   | Reached skill level 8 in Spellcasting
  8168 | Bailey   | Noticed an orc knight
  8169 | Bailey   | Noticed an orc knight
  8169 | Bailey   | Noticed an orc knight
  8178 | Bailey   | Noticed an orc knight
  8183 | Bailey   | Reached * piety under Makhleb
  8184 | Bailey   | Slain by an orc knight

Illustrated notes

Levels and vault maps discovered:
D:1:      lightli_arrival_isolated_outpost, layout_basic,
          shapermc_ecumenical_altar_acropolis, minmay_misc_feat_square,
          kennysheep_crisscross, skrybe_limestone_x,
          chequers_serial_rivers_micro_e, minmay_stone_trees_small
D:2:      layout_loops_ring, basic_altar
D:3:      layout_rooms, serial_shops, nicolae_shop_stone
D:4:      layout_loops_corners, mainiacjoe_overflow_24_doors,
          nicolae_ashenzari_skybound, gammafunk_ghost_cemetery,
          cheibrodos_sewer_entry_bend, uniq_menkaure, uniq_eustachio
D:5:      nicolae_cairo_tiling_very_big, layout_cave_pools,
          nicolae_wooded_promenade, sigmund_army
D:6:      layout_cave_pools, uniq_pikel, uniq_prince_ribbit1
D:7:      layout_cave_pods, minmay_temple_entry_statues_fountains,
          enter_bailey_4, st_stairs_6, due_unseen_surprise
Temple:   eino_temple_rhombus
Bailey:   bailey_polearm_5, bailey

Skill      XL: |  1  2  3  4  5  6  7  8  9 |
---------------+----------------------------+-----
Fighting       | 1 2 4 5 6 |  6.6
Spellcasting   | 3 4 5 6 8 |  8.2
Armour         | 2 3 |  3.0
Dodging        | 3 |  3.0
Stealth        | |  1.6

Action                   |  1- 3 |  4- 6 |  7- 9 || total
-------------------------+-------+-------+-------++-------
Melee: Dagger            |     1 |     3 |     6 ||    10
       Whip              |       |       |    31 ||    31
 Cast: Foxfire           |    46 |    12 |    12 ||    70
       Summon Small Mamm |     1 |       |     3 ||     4
       Scorch            |       |    47 |   102 ||   149
       Mephitic Cloud    |       |       |    35 ||    35
       Static Discharge  |       |       |     1 ||     1
       Flame Wave        |       |       |     1 ||     1
Evoke: Wand              |       |       |     7 ||     7
  Use: Scroll            |       |     5 |    11 ||    16
       Potion            |       |       |     3 ||     3
 Stab: Sleeping          |       |     2 |       ||     2
       Confused          |       |       |     6 ||     6
Armor: Robe              |       |     1 |     1 ||     2
       Leather armour    |       |       |     3 ||     3
Dodge: Dodged            |     3 |     9 |    46 ||    58
